Map: Ever Dream LE

Players

Astrea

  • Race: Protoss Protoss
  • Spawn Location: 1:00

Future - Winner!

  • Race: Terran Terran
  • Spawn Location: 7:00

Event: DreamHack SC2 Masters 2020 Summer North America

VOD

Have the link to the VOD?

Description

Time

  • Played on: July 1, 2020, 5:06 p.m.
  • Length: 10:40

All games in this series

Show
View Real Time Build Order
Export as new Build Order

Astrea Protoss 

Build Orders: Phoenix Opening 

Get SALT Encoding   

  12  0:01  Probe  
  13  0:12  Pylon  
  13  0:17  Probe  
  14  0:30  Probe, Gateway  
  15  0:38  Probe  
  16  0:43  Assimilator  
  16  0:48  Probe  
  17  1:00  Probe  
  18  1:12  Probe  
  18  1:17  Cybernetics Core  
  19  1:18  Zealot  
  19  1:24  Probe  
  22  1:26  Pylon  
  22  1:36  Probe, Assimilator  
  23  1:44  Stalker  
  23  1:48  Probe  
  26  2:00  Warp Gate  
  26  2:02  Probe  
  26  2:05  Pylon  
  26  2:06  Stalker  
  27  2:14  Probe  
  30  2:34  Nexus  
  30  2:38  Sentry  
  30  2:41  Probe  
  33  2:53  Probe, Twilight Council  
  34  3:05  Probe, Pylon  
  35  3:16  Phoenix  
  35  3:17  Probe  
  36  3:29  Probe  
  37  3:34  Gateway  
  37  3:37  Charge  
  37  3:41  Probe  
  38  3:50  Probe  
  38  3:51  Stalker  
  38  3:53  Probe  
  42  4:02  Probe  
  43  4:04  Gateway x2  
  43  4:05  Probe  
  44  4:12  Robotics Facility  
  44  4:14  Probe  
  45  4:17  Probe  
  46  4:26  Probe  
  46  4:29  Probe, Sentry  
  50  4:33  Pylon  
  50  4:36  Sentry  
  52  4:38  Probe  
  52  4:42  Probe  
  54  4:47  Nexus  
  54  4:51  Probe  
  55  4:54  Stalker  
  55  4:57  Probe  
  58  5:03  Probe, Observer  
  60  5:11  Stalker x2, Pylon  
  60  5:14  Probe  
  65  5:19  Probe  
  66  5:21  Assimilator  
  66  5:22  Blink, Assimilator  
  66  5:26  Warp Prism, Probe  
  67  5:32  Probe  
  68  5:41  Stalker  
  72  5:45  Pylon  
  72  5:48  Zealot x2  
  72  5:49  Zealot  
  78  6:00  Robotics Bay  
  78  6:02  Immortal  
  78  6:03  Observer  
  79  6:13  Pylon  
  79  6:17  Probe  
  79  6:18  Probe x2  
  85  6:30  Probe, Colossus  
  86  6:36  Zealot x4  
  86  6:38  Probe x2, Extended Thermal Lance  
  94  6:45  Probe  
  101  6:56  Pylon  
  101  6:58  Pylon  
  104  7:05  Shield Battery, Zealot x4  
  109  7:15  Pylon  
  109  7:16  Pylon  
  109  7:21  Colossus  
  109  7:34  Stalker, Zealot x3  
  109  7:44  Probe  
  90  7:46  Observer  
  90  7:48  Probe  
  87  7:52  Probe  
  87  7:53  Probe  
  87  7:56  Probe  
  89  8:00  Probe  
  89  8:01  Sentry x2, Zealot  
  89  8:02  Zealot  
  89  8:03  Probe  
  89  8:04  Probe  
  89  8:05  Forge  
  99  8:06  Forge  
  99  8:07  Warp Prism  
  99  8:08  Probe  
  102  8:13  Probe  
  102  8:14  Probe  
  106  8:22  Probe  
  103  8:30  Probe  
  104  8:34  Assimilator  
  104  8:38  Assimilator  
  104  8:42  Gateway  
  104  8:43  Gateway  
  104  8:46  Observer  
  104  8:47  Templar Archives  
  105  8:53  Zealot x4  
  113  8:57  Colossus  
  113  9:07  Pylon  
  119  9:14  Gateway  
  119  9:16  Gateway  
  119  9:20  Pylon  
  119  9:27  High Templar x4  
  127  9:31  Archon x2  
  127  9:40  Nexus  
  127  9:43  High Templar x2  
  131  9:47  Archon  
  131  9:50  Pylon  
  131  9:52  Pylon  
  131  9:59  Stalker x4  
  135  10:20  Stalker x2  
  137  10:27  Zealot x2  
Show
View Real Time Build Order
Export as new Build Order

Future Terran - Winner!

Build Orders: Liberator Opening 

Get SALT Encoding   

  12  0:00  SCV  
  13  0:12  SCV  
  14  0:17  Supply Depot  
  14  0:25  SCV  
  15  0:38  SCV  
  15  0:40  Barracks  
  16  0:45  Refinery  
  16  0:50  SCV  
  17  1:03  SCV  
  18  1:09  Engineering Bay  
  18  1:15  SCV  
  19  1:28  Orbital Command  
  19  1:31  Reaper  
  20  1:38  Supply Depot  
  20  1:54  SCV  
  21  2:02  Marine  
  21  2:06  SCV  
  23  2:12  Command Center  
  23  2:18  SCV  
  23  2:20  Bunker  
  23  2:22  Barracks Reactor  
  24  2:30  SCV  
  24  2:31  Factory  
  24  2:35  Refinery  
  25  2:42  SCV  
  26  2:54  SCV  
  26  2:57  Marine  
  26  2:58  Marine  
  29  3:04  Supply Depot  
  29  3:15  Marine  
  29  3:16  Marine  
  31  3:22  Factory Tech Lab  
  31  3:24  Starport  
  31  3:26  SCV  
  32  3:37  Marine x2  
  32  3:38  SCV  
  34  3:44  Siege Tank  
  37  3:50  SCV  
  37  3:55  Marine  
  39  3:59  Marine  
  39  4:00  Barracks  
  39  4:01  Liberator  
  44  4:02  SCV  
  44  4:03  Orbital Command  
  44  4:12  Marine  
  44  4:15  SCV  
  46  4:17  Marine, Barracks  
  46  4:23  Factory Tech Lab  
  47  4:26  Supply Depot  
  47  4:27  SCV  
  47  4:28  SCV  
  49  4:35  Engineering Bay, Refinery  
  49  4:39  SCV  
  49  4:40  Marine  
  49  4:41  SCV  
  49  4:45  Starport Reactor  
  52  4:49  Supply Depot  
  52  4:51  SCV  
  53  4:53  SCV, Stimpack  
  53  4:55  Factory Reactor  
  53  4:58  Marine  
  53  4:59  Marine  
  56  5:02  Terran Infantry Weapons Level 1  
  56  5:04  SCV  
  56  5:05  SCV  
  58  5:12  Combat Shield, Supply Depot  
  58  5:16  SCV  
  58  5:17  SCV  
  58  5:19  Marine x3  
  63  5:21  Marine  
  63  5:27  Refinery  
  64  5:28  SCV  
  64  5:29  SCV, Supply Depot  
  66  5:38  Medivac x2  
  66  5:40  SCV  
  66  5:41  SCV, Marine x2  
  74  5:45  Widow Mine  
  74  5:46  Widow Mine  
  78  5:51  Supply Depot  
  78  5:52  Marine x2  
  78  5:56  Supply Depot  
  80  5:59  SCV, Marine x2  
  80  6:00  SCV  
  84  6:09  Medivac  
  86  6:13  Medivac, Widow Mine x2  
  86  6:17  Supply Depot  
  92  6:18  Supply Depot  
  92  6:20  Marauder, Marine  
  95  6:26  Marine  
  95  6:27  Supply Depot  
  95  6:28  Marauder  
  97  6:43  Marauder, Marine  
  97  6:45  Medivac  
  97  6:46  Medivac  
  104  6:49  Marauder  
  104  6:51  Supply Depot  
  104  6:53  Widow Mine x2  
  110  6:54  Concussive Shells  
  110  6:59  Terran Infantry Armor Level 1  
  110  7:11  Marauder  
  110  7:12  Command Center, Marauder  
  110  7:13  Marine x2  
  116  7:20  Liberator  
  117  7:28  Liberator  
  117  7:33  Marauder  
  117  7:35  SCV x2  
  117  7:36  Marauder  
  106  7:46  Marine x2  
  106  7:49  SCV x2  
  94  7:58  Marauder  
  92  7:59  Marauder  
  92  8:01  SCV  
  92  8:02  SCV  
  92  8:03  Barracks  
  92  8:04  Barracks  
  96  8:12  Armory  
  96  8:13  SCV  
  96  8:14  SCV, Engineering Bay  
  96  8:17  Liberator  
  99  8:22  Liberator  
  99  8:25  Marauder  
  99  8:26  SCV x2  
  105  8:33  Orbital Command  
  105  8:36  Marine  
  105  8:37  Marauder, Marine  
  105  8:38  SCV x2  
  105  8:39  Widow Mine x2  
  115  8:42  Supply Depot  
  115  8:47  Marauder  
  117  8:50  SCV x2  
  117  8:54  Marine x2  
  120  8:57  Barracks Reactor, Barracks Tech Lab  
  120  8:59  Marauder  
  120  9:00  SCV  
  120  9:02  SCV  
  124  9:05  SCV  
  124  9:07  Viking x2, Refinery x2  
  124  9:08  Marauder  
  131  9:12  SCV, Marine x2  
  131  9:16  SCV  
  135  9:17  SCV  
  135  9:18  Marauder  
  138  9:26  Supply Depot, Marauder  
  138  9:29  Marauder  
  138  9:30  Marine x2  
  145  9:33  Marine  
  145  9:34  Marine  
  146  9:39  Marauder  
  148  9:46  Supply Depot  
  148  9:47  Supply Depot  
  148  9:48  Marauder  
  148  9:51  Marauder  
  151  10:02  Marine x4  
  151  10:06  Command Center  
Tags
 
Add a new tag
Caveats
  • Supply blocks, unpowered buildings, or Contaminate may cause inaccurate times.
  • Supply counts are checked every 10 seconds.